 Dungeon Crawl Stone Soup version 0.17-a0-1954-g0dddeaa (webtiles) character file.

149 4thArraOfDagon the Chopper (level 5, 0/42 HPs)
             Began as a Formicid Berserker on Oct 3, 2015.
             Was a Follower of Trog.
             Slain by a centaur zombie (3 damage)
             ... on level 7 of the Dungeon.
             The game lasted 00:01:32 (153 turns).

4thArraOfDagon the Chopper (Formicid Berserker)      Turns: 153, Time: 00:01:33

Health: 0/42       AC:  2    Str: 22    XL:     5   Next: 56%
Magic:  5/5        EV: 12    Int:  9    God:    Trog [*.....]
Gold:   16         SH:  0    Dex: 12    Spells: 0 memorised, 4 levels left

rFire  . . .     SeeInvis +     a - +0 hand axe
rCold  + . .     Clarity  .     b - +0 animal skin
rNeg   . . .     SustAt   .     (no shield)
rPois  .         Gourm    .     (helmet unavailable)
rElec  .         Spirit   .     (no cloak)
rCorr  .         Warding  .     (no gloves)
rMut   .         Stasis   +     (no boots)
MR     .....                    (no amulet)
Stlth  +.........               (no ring)
                                f - ring "Zammickaci" {+Blink rC+ Int+2 Dex+2}

@: not resistant to hostile enchantments, very unstealthy
A: permanent stasis, dig shafts and tunnels, four strong arms, antennae 3
a: Dig, Shaft Self, Burn Spellbooks, Renounce Religion


You were on level 7 of the Dungeon.
You worshipped Trog.
Trog was aware of your devotion.
You were not hungry.

You visited 1 branch of the dungeon, and saw 5 of its levels.

You collected 16 gold pieces.

Inventory:

Hand weapons
 a - a +0 hand axe (weapon)
Armour
 b - a +0 animal skin (worn)
Jewellery
 f - the ring "Zammickaci" (left hand) {+Blink rC+ Int+2 Dex+2}
   (You found it on level 7 of the Dungeon)

   [ring of protection from cold]

   It affects your intelligence (+2).
   It affects your dexterity (+2).
   It protects you from cold.
   It lets you blink.
Scrolls
 d - a scroll of enchant armour {unknown}
 e - a scroll of remove curse {unknown}
Books
 h - a book of Burglary

   Spells                             Type                      Level
   a - Swiftness                      Charms/Air                   2
   b - Passwall                       Transmutation/Earth          3
   c - Passage of Golubria            Translocation                4
   d - Lee's Rapid Deconstruction     Earth                        5
   e - Darkness                       Hexes                        6
   f - Invisibility                   Hexes                        6
   Trog disapproves of the use of such an item.
Comestibles
 c - 6 bread rations


   Skills:
 + Level 4.1 Fighting
 * Level 4.7 Axes
 + Level 3.4 Armour
 - Level 1.7 Dodging


You had 4 spell levels left.
You didn't know any spells.

Dungeon Overview and Level Annotations

Branches:
Dungeon (7/15)
 Temple: D:4-7

Altars:


Innate Abilities, Weirdness & Mutations

You are under a permanent stasis effect.
You can dig through walls and to a lower floor.
Your four strong arms can wield two-handed weapons with a shield.
You have a pair of large antennae on your head (SInv).


Message History

You retract your mandibles.
You hit the centaur zombie. The centaur zombie closely misses you.
You barely miss the centaur zombie. The centaur zombie misses you.
The centaur zombie hits you.
You hit the centaur zombie. The centaur zombie hits you.
You slash the centaur zombie! The centaur zombie barely misses you.
The centaur zombie misses you.
You hit the centaur zombie. The centaur zombie barely misses you.
You hit the centaur zombie. The centaur zombie misses you.
You hit the centaur zombie. The centaur zombie hits you!
* * * LOW HITPOINT WARNING * * *
The centaur zombie hits you.
* * * LOW HITPOINT WARNING * * *
You hit the centaur zombie.
The centaur zombie completely misses you.
Unknown command.
You aren't carrying any potions.
You barely miss the centaur zombie. The centaur zombie closely misses you.
The centaur zombie hits you.
You die...

.# .. { .# { .# {
### .# ## ##.##.# ..
##.#.#.##.###
##.###@Z....?/#
.#######.##
####.#.#.
........######...#..
.######........##.#
{ ########...# ##.##
##.## #.## ####.##


You could see a centaur zombie.

Vanquished Creatures
  A spriggan (D:7)
  2 rats (D:2)
3 creatures vanquished.

Notes
Turn   | Place    | Note
--------------------------------------------------------------
     0 | D:1      | 4thArraOfDagon the Formicid Berserker began the quest for the Orb.
     0 | D:1      | Reached XP level 1. HP: 18/18 MP: 1/1
    10 | D:1      | You fall through a shaft!
    34 | D:2      | You fall through a shaft for 2 floors!
    37 | D:4      | You fall through a shaft for 3 floors!
    40 | D:7      | Got a crude wooden ring
    41 | D:7      | Identified the ring "Zammickaci" {+Blink rC+ Int+2 Dex+2} (You found it on level 7 of the Dungeon)
    63 | D:7      | Noticed a spriggan baker
    68 | D:7      | Killed a spriggan baker
    68 | D:7      | Reached skill level 4 in Fighting
    68 | D:7      | Reached XP level 2. HP: 13/25 MP: 2/2
    68 | D:7      | Reached XP level 3. HP: 15/30 MP: 3/3
    68 | D:7      | Reached XP level 4. HP: 18/37 MP: 4/4
    68 | D:7      | Reached XP level 5. HP: 20/42 MP: 5/5
   109 | D:6      | no baxe
   109 | D:6      | rip
   144 | D:7      | Noticed a centaur zombie
   151 | D:7      | HP: 2/42 [centaur zombie (6)]
   153 | D:7      | Slain by a centaur zombie

Vault maps used:
D:1:      ncdulo_wetmaze
D:2:      first_bread
D:4:      kiku_gazebo_garden_becter, minmay_temple_entry_purple_smoke
D:6:      nemelex_deck, nicolae_ru_awakened_eye, uniq_edmund,
          uniq_crazy_yiuf_cottage
D:7:      slow_altar_2, the_bakery

Action                   |  1- 3 |  4- 6 || total
-------------------------+-------+-------++-------
Melee: Hand axe          |     4 |     9 ||    13
Invok: Burn Spellbooks   |     1 |       ||     1
 Abil: Shaft Self        |     3 |       ||     3
       Dig               |       |     1 ||     1
